 Dungeon Crawl Stone Soup version 0.25.0-3-gd7cc5688da (webtiles) character file.

Game seed: 11043054398937162293

(classic levelgen) 36 EnegeticOcto the Magician (level 3, -3/17 HPs)
             Began as a Spriggan Summoner on June 15, 2020.
             Was an Initiate of Okawaru.
             Killed from afar by Sigmund (13 damage)
             ... with a puff of flame
             ... on level 2 of the Dungeon.
             The game lasted 00:05:19 (1808 turns).

EnegeticOcto the Magician (Spriggan Summoner)       Turns: 1808, Time: 00:05:20

Health: -3/17      AC:  2    Str:  5    XL:     3   Next: 19%
Magic:  3/9        EV: 18    Int: 16    God:    Okawaru [......]
Gold:   103        SH:  0    Dex: 16    Spells: 7/10 levels left

rFire    . . .     SeeInvis +   f - +0 dagger
rCold    . . .     Gourm    .   (shield restricted)
rNeg     . . .     Faith    .   a - +0 robe
rPois    .         Spirit   .   (helmet restricted)
rElec    .         Reflect  .   (no cloak)
rCorr    .         Harm     .   (gloves unavailable)
MR       .....                  (boots unavailable)
Stlth    +++.......             (no amulet)
HPRegen  0.05/turn              (no ring)
MPRegen  0.11/turn              (no ring)

@: very quick
A: very small, unfitting armour, see invisible, herbivore, speed 3, slow
metabolism 2
a: Renounce Religion


You were on level 2 of the Dungeon.
You worshipped Okawaru.
Okawaru was noncommittal.
You were not hungry.

You visited 1 branch of the dungeon, and saw 2 of its levels.

You collected 103 gold pieces.

Inventory:

Hand Weapons
 f - a +0 dagger (weapon)
Missiles
 c - 9 poisoned darts (quivered)
 d - 53 stones
 j - 61 sling bullets
 k - 20 bolts
 m - 6 atropa-tipped darts
Armour
 a - a +0 robe (worn)
Jewellery
 l - an uncursed ring of ice
Scrolls
 g - a scroll of remove curse {unknown}
 h - 3 scrolls of identify {unknown}
Potions
 b - a potion of heal wounds {unknown}
 i - a potion of degeneration {unknown}
Comestibles
 e - 4 rations


   Skills:
 + Level 0.8 Fighting
 + Level 0.0 Short Blades
 - Level 3.0 Dodging
 + Level 3.7 Stealth
 - Level 4.0 Spellcasting
 - Level 3.2 Summonings


You had 7 spell levels left.
You knew the following spells:

 Your Spells              Type           Power        Failure   Level  Hunger
a - Summon Small Mammal   Summ           ##..         4%          1    None
b - Call Imp              Summ           ##......     7%          2    ##.....

Your spell library contained the following spells:

 Spells                   Type           Power        Failure   Level  Hunger
 Call Canine Familiar     Summ           ##......     13%         3    ###....
 Summon Guardian Golem    Hex/Summ       #.......     26%         3    ###....
 Summon Ice Beast         Ice/Summ       #.......     65%         4    ####...
 Summon Lightning Spire   Summ/Air       #.......     65%         4    ####...


Dungeon Overview and Level Annotations

Branches:
Dungeon (2/15)

Altars:
Dithmenos
Elyvilon
Hepliaklqana
Makhleb
Nemelex Xobeh
Okawaru
Qazlal
The Shining One

Annotations:
D:2 Sigmund


Innate Abilities, Weirdness & Mutations

You are very small and have problems with some larger weapons.
You are too small for most types of armour.
You have supernaturally acute eyesight. (SInv)
You are a herbivore.
You cover ground extremely quickly.
You need to consume almost no food.


Message History

Your white imp resists with significant effort.
What are your orders? t - Shout!
Orders for allies: a - Attack new target. p - Attack previous target. r - Retreat! s - Stop attacking. g - Guard the area. f - Follow me.
Anything else - Cancel.
Guard this area!
Your white imp disappears in a puff of smoke!
Your crimson imp barely misses Sigmund.
Sigmund misses your crimson imp.
Your crimson imp barely misses Sigmund.
Your magical contamination has completely faded away.
You swap places.
Sigmund closely misses your crimson imp.
Your crimson imp closely misses Sigmund.
Your crimson imp hits Sigmund but does no damage.
Sigmund points at you and mumbles some strange words.
Your crimson imp easily resists.
Your crimson imp misses Sigmund.
Sigmund misses your crimson imp.
Sigmund hits your crimson imp with a cursed -3 scythe!
Your crimson imp dies!
Sigmund hits your iron imp with a cursed -3 scythe!
Your iron imp hits Sigmund!
Sigmund hits your iron imp with a cursed -3 scythe!
Your iron imp dies!
Casting: Call Imp (safe; 7% risk of failure)
Confirm with . or Enter, or press ? or * to list all spells.
A beastly little devil appears in a puff of flame.
You swap places.
You start resting.
Your crimson imp disappears in a puff of smoke!
Sigmund is too close now for your liking.
You start resting.
Sigmund is too close now for your liking.
There is a stone staircase leading down here.
Casting: Call Imp (safe; 7% risk of failure)
Confirm with . or Enter, or press ? or * to list all spells.
A beastly little devil appears in a puff of frigid air.
Sigmund closely misses your crimson imp.
Something hits your crimson imp but does no damage.
What are your orders? t - Shout!
Orders for allies: a - Attack new target. p - Attack previous target. r - Retreat! s - Stop attacking. g - Guard the area. f - Follow me.
Anything else - Cancel.
Gang up on whom?
Press: ? - help, Dir - move target cursor, f/p - Sigmund
Aim: Sigmund, wielding a -3 scythe and wearing a +0 robe (severely wounded, slightly transparent) Attack!
Sigmund casts a spell at your crimson imp.
Your crimson imp easily resists.
Your crimson imp disappears in a puff of smoke!
What are your orders? t - Shout!
Orders for allies: a - Attack new target. p - Attack previous target. r - Retreat! s - Stop attacking. g - Guard the area. f - Follow me.
Anything else - Cancel.
Gang up on whom?
Press: ? - help, Dir - move target cursor, f/p - Sigmund
Aim: Sigmund, wielding a -3 scythe and wearing a +0 robe (severely wounded, slightly transparent) Attack!
Sigmund casts a spell at your white imp.
Your white imp resists with significant effort.
Throwing (i - inventory. (/) - cycle)
c - 12 poisoned darts (quivered)
Press: ? - help, Shift-Dir - straight line, f/p - Sigmund
Aim: Sigmund, wielding a -3 scythe and wearing a +0 robe (severely wounded, slightly transparent)
Okay, then.
Throwing (i - inventory. (/) - cycle)
c - 12 poisoned darts (quivered)
Press: ? - help, Shift-Dir - straight line, f/p - Sigmund
Aim: Sigmund, wielding a -3 scythe and wearing a +0 robe (severely wounded, slightly transparent)
Okay, then.
Throwing (i - inventory. (/) - cycle)
c - 12 poisoned darts (quivered)
Press: ? - help, Shift-Dir - straight line, f/p - Sigmund
Aim: Sigmund, wielding a -3 scythe and wearing a +0 robe (severely wounded, slightly transparent)
Okay, then.
Throwing (i - inventory. (/) - cycle)
c - 12 poisoned darts (quivered)
Press: ? - help, Shift-Dir - straight line, f/p - Sigmund
Aim: Sigmund, wielding a -3 scythe and wearing a +0 robe (severely wounded, slightly transparent)
You throw a poisoned dart. The poisoned dart hits Sigmund.
Sigmund is poisoned.
Sigmund is severely wounded.
Sigmund points at you and mumbles some strange words.
You resist with some effort.
You swap places.
Sigmund looks more healthy.
Throwing (i - inventory. (/) - cycle)
c - 11 poisoned darts (quivered)
Press: ? - help, Shift-Dir - straight line, f/p - Sigmund
Aim: Sigmund, wielding a -3 scythe and wearing a +0 robe (almost dead, slightly transparent)
You throw a poisoned dart.
The poisoned dart barely misses Sigmund.
Sigmund says, "Now you see me, now you don't..."
Throwing (i - inventory. (/) - cycle)
c - 10 poisoned darts (quivered)
Press: ? - help, Shift-Dir - straight line, f/p - Sigmund
Aim: Sigmund, wielding a -3 scythe and wearing a +0 robe (almost dead, slightly transparent)
You throw a poisoned dart.
The poisoned dart barely misses Sigmund.
Sigmund points at you and mumbles some strange words.
The puff of flame hits you!
Ouch! That really hurt!
You die...

#.#.# ###...#.##
#.#.#######.....#.#
#...........#...#..
###.#######....#####
#.########.#.#
#.....†....#.######
##########.#.##... #5#.##.##
#@#.#...## # #.#..#.#.##.##
#.#..........# ########
#@##.#.#.##..
.......#########(###...#
.)........@......# ##.##
.####.>..(.......# #.#
.@....########.######.####.###
.###### #.# #...........


You could see Sigmund and a friendly white imp (summoned).

Vanquished Creatures
  A leopard gecko (D:1)
  3 giant cockroaches
  A goblin (D:1)
  2 jackals (D:1)
  3 kobolds
  A ball python (D:1)
  2 bats (D:1)
  A rat (D:1)
14 creatures vanquished.

Vanquished Creatures (collateral kills)
  3 adders (D:2)
  2 goblins (D:2)
  2 jackals (D:1)
  A ball python (D:1)
  A kobold (D:2)
9 creatures vanquished.

Grand Total: 23 creatures vanquished

Notes
Turn   | Place    | Note
-------+----------+-------------------------------------------
     0 | D:1      | EnegeticOcto the Spriggan Summoner began the quest for the
                  | Orb.
     0 | D:1      | Reached XP level 1. HP: 9/9 MP: 5/5
    52 | D:1      | Reached skill level 3 in Spellcasting
   419 | D:1      | Reached XP level 2. HP: 11/13 MP: 7/7
   743 | D:1      | Reached skill level 4 in Spellcasting
   988 | D:1      | Learned a level 2 spell: Call Imp
  1406 | D:2      | Reached XP level 3. HP: 17/17 MP: 1/9
  1523 | D:2      | Found a shadowy altar of Dithmenos.
  1525 | D:2      | Found a white marble altar of Elyvilon.
  1527 | D:2      | Found an iron altar of Okawaru.
  1527 | D:2      | Found a sparkling altar of Nemelex Xobeh.
  1527 | D:2      | Found a stormy altar of Qazlal.
  1527 | D:2      | Found a burning altar of Makhleb.
  1527 | D:2      | Found a glowing golden altar of the Shining One.
  1528 | D:2      | Found a hazy altar of Hepliaklqana.
  1567 | D:2      | Became a worshipper of Warmaster Okawaru
  1713 | D:2      | Noticed Sigmund
  1808 | D:2      | Killed from afar by Sigmund

Illustrated notes

Levels and vault maps discovered:
D:1:      minmay_arrival_plants_in_alcoves, layout_rooms
D:2:      layout_loops_ring, grunt_temple_overflow_open, uniq_sigmund

Skill      XL: |  1  2 |
---------------+-------+-----
Spellcasting   | 3 4 |  4.0
Fighting       | |  0.8
Dodging        | |  3.0
Stealth        | |  3.7
Summonings     | |  3.2

Action                   || total
-------------------------++-------
Melee: Dagger            ||    61
       Unarmed           ||     3
Throw: Dart              ||    41
       Stone             ||    13
 Cast: Summon Small Mamm ||     7
       Call Imp          ||    17
 Stab: Sleeping          ||     3
Armor: Robe              ||     9
Dodge: Dodged            ||    78
